 Dungeon Crawl Stone Soup version 0.23.2-1-ga50397a (webtiles) character file.

Game seed: 11959609759521992357

3963 MalarOregon the Grappler (level 10, -7/84 HPs)
             Began as a Ghoul Earth Elementalist on May 26, 2019.
             Was a Believer of Okawaru.
             Mangled by a large abomination (20 damage)
             ... on level 1 of the Abyss.
             The game lasted 00:19:43 (8986 turns).

MalarOregon the Grappler (Ghoul Earth Elementalist) Turns: 8986, Time: 00:19:44

Health: -7/84      AC:  9    Str: 13    XL:     10   Next: 22%
Magic:  12/12      EV: 14    Int: 19    God:    Okawaru [**....]
Gold:   438        SH:  0    Dex:  9    Spells: 7/13 levels left

rFire    . . .     SeeInvis .   a - +10 shortbow of Amortisation {speed, rPois Int+6 Stlth+}
rCold    + + .     Gourm    .   (shield currently unavailable)
rNeg     + + +     Faith    .   u - +2 robe {Archmagi}
rPois    ∞         Spirit   .   (no helmet)
rElec    .         Reflect  .   (no cloak)
rCorr    .         Harm     .   c - +1 pair of gloves
MR       .....                  f - +0 pair of boots
Stlth    +++.......             (no amulet)
HPRegen  0.00/turn              o - ring of protection from cold
MPRegen  0.13/turn              y - +2 ring of protection

@: rotting
A: rotting body, claws 1, carnivore, cold resistance 1, negative energy
resistance 3, inhibited regeneration, torment resistance, unbreathing
a: Heroism, Renounce Religion


You were on level 1 of the Abyss.
You worshipped Okawaru.
Okawaru was pleased with you.
You were not hungry.

You visited 2 branches of the dungeon, and saw 9 of its levels.
You visited the Abyss 1 time.

You collected 646 gold pieces.
You spent 208 gold pieces at shops.

Inventory:

Hand Weapons
 a - the +10 shortbow of Amortisation (weapon) {speed, rPois Int+6 Stlth+}
   (You bought it in a shop on level 5 of the Dungeon)

   Attacks with this weapon are significantly faster.
   It affects your intelligence (+6).
   It protects you from poison.
   It makes you more stealthy.
Missiles
 b - 85 stones
 p - 27 arrows (quivered)
Armour
 c - a +1 pair of gloves (worn)
   (You found it on level 1 of the Dungeon)
 f - a +0 pair of boots (worn)
   (You found it on level 1 of the Dungeon)
 u - a +2 robe of the Archmagi (worn)
   (You found it on level 1 of the Dungeon)
Jewellery
 o - a ring of protection from cold (left hand)
   (You found it on level 5 of the Dungeon)
 y - a +2 ring of protection (right hand)
   (You found it on level 6 of the Dungeon)
Wands
 d - a wand of iceblast (7)
   (You found it on level 5 of the Dungeon)
 t - a wand of flame (17)
   (You took it off Ijyb on level 3 of the Dungeon)
 v - a wand of digging (5)
   (You found it on level 3 of the Dungeon)
 z - a wand of polymorph (11)
   (You found it on level 8 of the Dungeon)
Scrolls
 h - 6 scrolls of remove curse {@r2}
 m - 2 scrolls of magic mapping
 s - 3 scrolls of teleportation {@r4}
Potions
 g - a potion of brilliance
 i - 3 potions of curing {@q1}
 j - a potion of agility {unknown}
 l - 3 potions of heal wounds {@q2}
 n - 2 potions of resistance
 q - a potion of cancellation {unknown}
 w - a potion of magic {unknown}
 x - a potion of degeneration {unknown}
Comestibles
 e - 21 rations {!d}


   Skills:
 + Level 6.5 Fighting
 + Level 3.7 Bows
 + Level 5.7 Dodging
 - Level 2.1 Stealth
 * Level 9.5 Unarmed Combat
 - Level 2.0 Spellcasting
   Level 0.8 Transmutations
 + Level 7.5 Earth Magic


You had 7 spell levels left.
You knew the following spells:

 Your Spells              Type           Power        Failure   Level  Hunger
a - Sandblast             Erth           #####.       1%          1    #......
b - Lee's Rapid Deconstr  Erth           #####.....   22%         5    ######.

Your spell library contained the following spells:

 Spells                   Type           Power        Failure   Level  Hunger
 Passwall                 Tmut/Erth      ####....     4%          2    ###....
 Stone Arrow              Conj/Erth      ###...       11%         3    ###....
 Shock                    Conj/Air       #...         17%         1    #......
 Poisonous Vapours        Pois/Air       #.....       26%         2    ###....
 Swiftness                Chrm/Air       #.......     26%         2    ###....
 Petrify                  Tmut/Erth      ####....     30%         4    #####..
 Conjure Flame            Conj/Fire      #.......     45%         3    ###....
 Mephitic Cloud           Conj/Pois/Air  #.......     45%         3    ###....
 Static Discharge         Conj/Air       #.......     45%         3    ###....
 Airstrike                Air            #.........   86%         4    #####..
 Lightning Bolt           Conj/Air       #.........   99%         5    ######.
 Freezing Cloud           Conj/Ice/Air   #.........   100%        6    #######
 Ring of Flames           Chrm/Fire      #.........   100%        7    #######


Dungeon Overview and Level Annotations

Branches:
Dungeon (8/15)             Temple (1/1) D:7
   Lair: D:8-11

Altars:
Ashenzari
Cheibriados
Dithmenos
Elyvilon
Fedhas
Gozag
Hepliaklqana
Kikubaaqudgha
Makhleb
Nemelex Xobeh
Okawaru
Qazlal
Ru
Sif Muna
Trog
Uskayaw
Vehumet
Wu Jian
Xom
Yredelemnul
Zin
The Shining One

Shops:
D:5 ([

Annotations:
D:5 Grinder
D:8 Psyche


Innate Abilities, Weirdness & Mutations

Your body is rotting away.
You thrive on raw meat.
You are immune to poison.
You have sharp fingernails.
You are carnivorous and can eat meat at any time.
Your flesh is cold resistant. (rC+)
You are immune to negative energy. (rN+++)
You do not regenerate when monsters are visible.
You are immune to unholy pain and torment.
You can survive without breathing.


Message History

The large abomination misses you.
Eat one of 4 chunks of flesh? (ye/n/q)
You eat one of the 4 chunks of flesh.
This raw flesh tastes great!
The large abomination hits you!!
* * * LOW HITPOINT WARNING * * *
Eat one of 3 chunks of flesh? (ye/n/q)
You eat one of the 3 chunks of flesh.
This raw flesh tastes great!
The large abomination misses you.
Eat one of 2 chunks of flesh? (ye/n/q)
You eat one of the 2 chunks of flesh.
This raw flesh tastes great!
Eat a chunk of flesh? (ye/n/q)
You eat the chunk of flesh.
This raw flesh tastes great!
The large abomination barely misses you.
Okay, then.
You enter the shallow water.
Moving in this stuff is going to be slow.
The large abomination closely misses you.
Firing (i - inventory. (/) - cycle)
p - 29 arrows (quivered)
Aim: a large abomination (moderately damaged)
You shoot an arrow. The arrow hits the large abomination.
The large abomination completely misses you.
Firing (i - inventory. (/) - cycle)
p - 28 arrows (quivered)
Aim: a large abomination (moderately damaged)
You shoot an arrow. The arrow hits the large abomination.
You hear a splash.
The large abomination hits you!!
* * * LOW HITPOINT WARNING * * *
Found a leather armour.
A green death comes into view.
Found a giant spiked club.
You see here an arrow.
Okay, then.
There is a gateway leading deeper into the Abyss here.
You see here 2 potions of berserk rage.
Found a scroll of identify and 28 gold pieces.
Found a wand of paralysis (8).
Found 25 stones and a ration.
Found 15 bolts.
A large abomination comes into view.
You see here 28 gold pieces.
You now have 438 gold pieces (gained 28).
Found a ration.
You see here a scroll of identify {@r1}.
The large abomination barely misses you.
The large abomination hits you!
* * * LOW HITPOINT WARNING * * *
A small abomination comes into view.
Found a dagger and a ration.
The large abomination hits you!!
You die...

.........# . ... . ...
.....##........ ##
#..###..##.......# .
..##..#..##.......##..
...................%..
.#.(................
#.......#........#
##+#..###.......#...##..
.........?#..X.X@.......
.....................)..
#. # ..##%.##..##..##..
..##..##..##..# ..# ...
.............. ...
.....(.................
##..##..##..##..##..##..
#.. ..##..##..# .. ..
... ....... . ...


You could see 2 large abominations.

Vanquished Creatures
  Pikel (D:7)
  Joseph (D:8)
  3 hippogriffs (D:8)
  Eustachio (D:3)
  A wyvern (D:8)
  A water moccasin (D:8)
  2 slaves (D:7)
  A phantom (D:8)
  5 ogres
  A centaur (D:6)
  A wyvern zombie (D:7)
  3 bullfrogs
  5 scorpions
  5 crimson imps
  A bullfrog zombie (D:7)
  2 hounds
  4 orc priests
  A quasit (D:8)
  7 orc wizards
  2 iguanas
  Ijyb (D:3)
  7 worker ants
  2 hound skeletons
  4 gnolls (D:2)
  9 adders
  An adder zombie (D:8)
  3 worms
  2 dart slugs (D:2)
  7 leopard geckos
  35 orcs
  9 giant cockroaches
  10 goblins
  9 hobgoblins
  10 jackals
  7 kobolds
  2 quokkas
  3 ball pythons
  9 bats
  5 frilled lizards
  A quokka skeleton (D:8)
  4 rats
188 creatures vanquished.

Notes
Turn   | Place    | Note
-------+----------+-------------------------------------------
     0 | D:1      | MalarOregon the Ghoul Earth Elementalist began the quest
                  | for the Orb.
     0 | D:1      | Reached XP level 1. HP: 14/14 MP: 2/2
   303 | D:1      | Reached XP level 2. HP: 18/22 MP: 3/3
   458 | D:1      | Reached skill level 1 in Unarmed Combat
   862 | D:2      | Reached skill level 1 in Fighting
   862 | D:2      | Reached XP level 3. HP: 25/28 MP: 3/5
  1149 | D:2      | Reached skill level 2 in Unarmed Combat
  1476 | D:2      | Found a faded altar of an unknown god.
  1487 | D:2      | Reached XP level 4. HP: 34/34 MP: 6/6
  2120 | D:2      | Reached XP level 5. HP: 41/41 MP: 0/7
  2410 | D:3      | Reached skill level 3 in Unarmed Combat
  2702 | D:3      | Learned a level 5 spell: Lee's Rapid Deconstruction
  2819 | D:3      | Noticed Ijyb
  2841 | D:3      | Killed Ijyb
  3155 | D:3      | Reached XP level 6. HP: 50/50 MP: 2/8
  3896 | D:3      | Reached skill level 4 in Unarmed Combat
  4283 | D:4      | Noticed Eustachio
  4504 | D:3      | Killed Eustachio
  4504 | D:3      | Reached XP level 7. HP: 38/57 MP: 1/9
  4698 | D:4      | Reached skill level 5 in Unarmed Combat
  4772 | D:4      | Reached skill level 5 in Earth Magic
  4815 | D:4      | Found a shimmering altar of Xom.
  5189 | D:4      | Reached skill level 6 in Unarmed Combat
  5189 | D:4      | Reached XP level 8. HP: 66/66 MP: 5/10
  5351 | D:5      | Entered Level 5 of the Dungeon
  5405 | D:5      | Found Kegoemm's Armour Shop.
  5467 | D:5      | Noticed Grinder
  5780 | D:5      | Found Neliqo's Antique Weapon Shoppe.
  5796 | D:5      | Bought a transparent shortbow for 208 gold pieces
  5796 | D:5      | Identified the +10 shortbow of Amortisation {speed, rPois
                  | Int+6 Stlth+} (You bought it in a shop on level 5 of the
                  | Dungeon)
  6384 | D:5      | Reached skill level 1 in Bows
  6834 | D:6      | Reached skill level 7 in Unarmed Combat
  6849 | D:6      | Found a burning altar of Makhleb.
  6891 | D:6      | Found a shattered altar of Ashenzari.
  7333 | D:7      | Found a staircase to the Ecumenical Temple.
  7437 | Temple   | Entered the Ecumenical Temple
  7650 | Temple   | Became a worshipper of Warmaster Okawaru
  7727 | D:7      | Reached skill level 5 in Fighting
  7727 | D:7      | Reached XP level 9. HP: 73/73 MP: 11/11
  7820 | D:7      | Noticed Pikel
  7848 | D:7      | Killed Pikel
  7848 | D:7      | Reached * piety under Okawaru
  7848 | D:7      | Reached skill level 5 in Dodging
  7848 | D:7      | Reached skill level 8 in Unarmed Combat
  8496 | D:8      | Reached ** piety under Okawaru
  8541 | D:8      | Noticed Joseph
  8555 | D:8      | Killed Joseph
  8555 | D:8      | Reached skill level 9 in Unarmed Combat
  8563 | D:8      | Reached XP level 10. HP: 57/83 MP: 12/12
  8881 | D:8      | Noticed Psyche
  8892 | D:8      | Cast into level 1 of the Abyss (Psyche)
  8944 | Abyss:1  | Noticed a green death
  8968 | Abyss:1  | Noticed a large abomination
  8986 | Abyss:1  | Mangled by a large abomination

Skill      XL: |  1  2  3  4  5  6  7  8  9 |
---------------+----------------------------+-----
Unarmed Combat | 1 2 3 4 6 7 9 |  9.5
Dodging        | 2 3 4 5 |  5.7
Fighting       | 1 2 3 4 5 6 |  6.5
Spellcasting   | 2 |  2.0
Earth Magic    | 4 5 6 7 |  7.5
Bows           | 1 3 |  3.7
Stealth        | |  2.1
Transmutations | |  0.8

Action                   |  1- 3 |  4- 6 |  7- 9 | 10-12 || total
-------------------------+-------+-------+-------+-------++-------
Melee: Unarmed           |   198 |   194 |   153 |       ||   545
       Punch             |       |     1 |     6 |       ||     7
 Fire: Shortbow          |       |       |   211 |    63 ||   274
 Cast: Sandblast         |    10 |    61 |    36 |       ||   107
  Use: Scroll            |     6 |     2 |     7 |     1 ||    16
 Stab: Sleeping          |     2 |     4 |     3 |       ||     9
  Eat: Chunk             |     5 |    19 |    10 |     6 ||    40
       Ration            |       |     1 |       |       ||     1
Armor: Robe              |    62 |    78 |    39 |     3 ||   182
Dodge: Dodged            |   141 |   146 |   139 |    13 ||   439
